Map: Rhoskallian LE

Players

Ekelpack - Winner!

  • Race: Zerg Zerg
  • Spawn Location: 11:00

Nyck - Winner!

  • Race: Terran Terran
  • Spawn Location: 12:00

pondus

  • Race: Protoss Protoss
  • Spawn Location: 6:00

TOM

  • Race: Terran Terran
  • Spawn Location: 5:00

VOD

Have the link to the VOD?

Description

Time

  • Played on: April 15, 2025, 2:16 p.m.
  • Length: 24:33
Show
View Real Time Build Order
Export as new Build Order

Ekelpack Zerg - Winner!

Build Orders: Hatch First 

Get SALT Encoding   

  12  0:00  Drone  
  13  0:12  Overlord  
  13  0:21  Drone  
  14  0:31  Drone x2  
  16  0:36  Drone  
  17  0:53  Hatchery  
  17  0:56  Drone  
  17  0:58  Extractor  
  17  1:01  Drone  
  17  1:16  Spawning Pool  
  16  1:20  Drone  
  16  1:23  Drone  
  18  1:29  Drone  
  19  1:40  Drone  
  20  1:53  Overlord  
  20  2:02  Queen  
  20  2:04  Metabolic Boost  
  22  2:14  Queen  
  24  2:17  Drone  
  24  2:20  Drone  
  26  2:23  Drone  
  26  2:26  Drone  
  26  2:29  Drone  
  29  2:32  Drone  
  29  2:35  Drone  
  31  2:38  Drone  
  32  2:45  Lair  
  32  2:49  Drone  
  33  2:55  Drone  
  33  2:57  Overlord  
  34  3:04  Extractor  
  34  3:05  Drone  
  34  3:09  Drone  
  34  3:10  Extractor  
  34  3:13  Drone  
  34  3:14  Drone  
  34  3:17  Drone x2  
  38  3:22  Overlord  
  38  3:29  Drone x3  
  38  3:30  Drone  
  42  3:38  Extractor  
  42  3:39  Overlord  
  41  3:43  Spire  
  41  3:46  Drone  
  41  3:51  Zergling x6  
  41  3:53  Drone  
  45  4:04  Drone  
  45  4:05  Drone x3  
  49  4:15  Overlord x2  
  49  4:27  Spore Crawler  
  49  4:28  Drone x2  
  50  4:31  Spore Crawler  
  50  4:33  Spore Crawler  
  50  4:37  Overlord x2  
  48  4:39  Pneumatized Carapace  
  48  4:47  Queen  
  50  4:54  Mutalisk x2  
  50  4:55  Mutalisk x3  
  60  5:05  Infestation Pit  
  59  5:49  Hive  
  58  6:07  Hatchery  
  57  6:18  Zergling x8  
  58  6:19  Zergling x26  
  58  6:24  Evolution Chamber  
  73  6:26  Evolution Chamber  
  72  6:55  Overlord x4  
  72  6:56  Overlord x3  
  72  7:02  Zerg Melee Weapons Level 1  
  72  7:03  Ultralisk Cavern  
  72  7:04  Zerg Ground Armor Level 1  
  71  7:17  Drone x7  
  78  7:52  Corruptor x3  
  78  7:53  Corruptor x5  
  94  7:58  Extractor  
  94  7:59  Chitinous Plating, Extractor  
  94  8:02  Drone x2  
  94  8:13  Drone x6  
  100  8:25  Zerg Flyer Weapons Level 1  
  100  8:38  Drone x4  
  104  9:03  Zerg Melee Weapons Level 2, Zerg Ground Armor Level 2  
  104  9:14  Corruptor x5  
  104  9:15  Corruptor x3  
  120  9:17  Overlord  
  120  9:18  Anabolic Synthesis  
  120  9:46  Adrenal Glands  
  118  10:03  Corruptor x7  
  117  10:47  Zerg Flyer Weapons Level 2  
  117  10:49  Corruptor  
  117  10:50  Corruptor x4  
  117  10:52  Zergling x4  
  117  10:53  Zergling x30  
  144  11:06  Overlord x2  
  140  11:31  Corruptor  
  140  11:32  Corruptor x6  
  143  11:54  Zergling x2  
  143  11:55  Zergling x6  
  143  11:58  Overlord  
  143  11:59  Overlord x2  
  141  12:42  Extractor  
  141  12:43  Hatchery  
  139  12:47  Extractor  
  126  13:04  Corruptor x3  
  126  13:05  Corruptor x11  
  132  13:46  Hatchery  
  131  14:02  Drone x8  
  133  14:19  Zerg Melee Weapons Level 3, Zerg Ground Armor Level 3  
  133  14:21  Greater Spire  
  132  14:32  Drone x2  
  129  14:52  Drone x8  
  137  14:58  Drone  
  137  14:59  Drone x3  
  141  15:01  Drone  
  126  15:36  Ultralisk x5  
  126  15:37  Ultralisk  
  126  15:40  Drone x5  
  167  15:44  Overlord  
  167  15:55  Queen  
  167  15:56  Queen  
  171  15:57  Queen  
  127  16:28  Corruptor  
  127  16:29  Corruptor x10  
  149  16:41  Zerg Flyer Weapons Level 3  
  149  16:45  Zergling x16  
  149  16:46  Zergling x8  
  122  18:02  Zergling x2  
  122  18:03  Zergling x30  
  103  18:16  Hatchery  
  102  18:34  Hatchery  
  94  19:12  Zergling x2  
  94  19:13  Zergling x16  
  95  19:34  Corruptor  
  95  19:35  Corruptor x4  
  105  19:44  Extractor  
  105  19:45  Extractor  
  102  20:09  Extractor  
  102  20:10  Corruptor x6  
  102  20:11  Corruptor x5  
  123  20:26  Zergling x2  
  123  20:27  Zergling x36  
  123  20:28  Zergling x6  
  142  20:48  Zergling x2  
  142  20:49  Zergling x14  
  134  21:22  Hatchery  
  105  21:39  Zergling x2  
  86  21:40  Zergling x32  
  88  21:56  Corruptor  
  88  21:57  Corruptor x2  
  88  21:58  Corruptor x3  
  57  22:55  Hatchery  
  56  23:27  Hatchery  
  55  23:49  Zergling x18  
  64  24:14  Drone x10  
Show
View Real Time Build Order
Export as new Build Order

Nyck Terran - Winner!

Build Orders:  

Get SALT Encoding   

  12  0:00  SCV  
  13  0:12  SCV  
  14  0:18  Supply Depot  
  14  0:24  SCV  
  15  0:39  SCV  
  15  0:42  Barracks  
  16  0:49  Refinery  
  16  0:51  SCV  
  17  1:04  SCV  
  18  1:07  Barracks  
  18  1:16  SCV  
  19  1:31  Supply Depot  
  19  1:32  Orbital Command  
  19  1:33  Reaper  
  20  1:46  Barracks  
  20  1:55  Barracks Tech Lab  
  21  2:01  SCV  
  21  2:06  Barracks Reactor  
  21  2:19  Refinery  
  21  2:22  SCV  
  22  2:23  Marine  
  23  2:36  Barracks Reactor  
  23  2:47  SCV  
  23  2:51  Combat Shield  
  24  3:00  Supply Depot  
  24  3:02  Marine x2  
  24  3:04  Marauder  
  28  3:10  SCV  
  29  3:23  SCV  
  30  3:28  Command Center  
  30  3:32  Marine x4, Marauder  
  36  3:35  Supply Depot  
  36  3:39  Factory  
  36  3:41  SCV  
  37  3:51  Marine x2  
  39  3:57  Marine  
  39  3:59  SCV  
  41  4:11  Concussive Shells  
  41  4:13  Marine x3  
  41  4:16  Marine  
  45  4:27  Engineering Bay  
  45  4:33  Factory Tech Lab  
  45  4:44  Orbital Command  
  45  4:46  SCV  
  46  4:59  Missile Turret  
  46  5:00  SCV  
  46  5:01  Marine  
  46  5:02  Marine x4  
  46  5:06  Cyclone  
  55  5:12  SCV  
  55  5:13  SCV  
  57  5:24  SCV  
  57  5:25  SCV, Refinery  
  57  5:27  Marine x3  
  62  5:32  Supply Depot  
  62  5:39  Missile Turret  
  62  5:54  SCV, Marine x4, Cyclone  
  62  5:55  Starport  
  70  6:01  Refinery  
  70  6:02  Missile Turret  
  70  6:08  Supply Depot  
  70  6:14  Mag-Field Accelerator  
  70  6:18  Terran Infantry Weapons Level 1  
  70  6:29  Marine x5  
  70  6:30  SCV x2  
  77  6:42  SCV  
  77  6:46  Supply Depot  
  78  6:53  Starport Reactor  
  78  6:56  Supply Depot  
  78  7:07  SCV x2, Marine, Cyclone  
  78  7:08  Supply Depot  
  84  7:19  SCV x2  
  86  7:29  Marine x2  
  87  7:30  Marine x3  
  87  7:31  SCV x2  
  87  7:36  Viking  
  95  7:38  Viking  
  95  7:39  Command Center  
  97  7:52  SCV x2  
  97  7:54  Marine x3  
  102  8:02  Supply Depot  
  102  8:24  SCV x2, Marine x2, Cyclone  
  109  8:31  Supply Depot  
  109  8:33  Terran Infantry Armor Level 1  
  109  8:35  Armory  
  109  8:36  SCV  
  110  8:47  SCV, Viking x2  
  115  8:54  Supply Depot  
  115  8:56  Cyclone  
  115  8:57  Stimpack  
  118  9:06  Missile Turret  
  118  9:11  Orbital Command  
  118  9:15  SCV x2  
  120  9:26  Missile Turret  
  120  9:28  SCV x2, Cyclone  
  125  9:32  Viking  
  125  9:33  Viking  
  125  9:35  Terran Vehicle And Ship Armor Level 1  
  125  9:38  Armory  
  129  9:40  SCV x2  
  129  9:43  Supply Depot  
  131  9:47  SCV  
  132  10:07  Command Center  
  132  10:11  Cyclone  
  135  10:14  Viking x2  
  135  10:16  Marine x5  
  144  10:23  SCV x2  
  144  10:24  SCV  
  144  10:25  Armory  
  147  10:30  Terran Infantry Weapons Level 2  
  147  10:34  Terran Ship Weapons Level 1  
  147  10:36  Marine x5  
  152  10:47  Cyclone  
  155  10:53  Marine  
  155  10:56  Marine  
  157  11:06  Supply Depot, Marine x3, Viking x2  
  164  11:13  Terran Vehicle Weapons Level 1  
  164  11:16  Supply Depot  
  164  11:19  Cyclone  
  164  11:23  Orbital Command, SCV x3  
  170  11:28  Supply Depot  
  170  11:31  Terran Vehicle And Ship Armor Level 2  
  170  11:36  Marine  
  170  11:37  Marine x4  
  170  11:38  Supply Depot  
  175  11:47  Viking x2  
  175  11:50  Supply Depot  
  175  11:51  SCV x4, Cyclone  
  186  11:55  Refinery  
  186  11:56  Refinery  
  186  11:59  Missile Turret  
  186  12:13  Supply Depot  
  186  12:17  Viking  
  186  12:22  Refinery  
  188  12:25  Refinery  
  188  12:35  Command Center  
  169  12:47  Command Center  
  166  12:55  Cyclone  
  166  12:57  Viking x2  
  159  13:20  Marine x3  
  159  13:21  Marine x2  
  164  13:27  Viking x2  
  164  13:28  Cyclone  
  164  13:34  SCV x3  
  95  13:57  Viking  
  95  14:07  Viking  
  95  14:08  Marine x2  
  95  14:09  Marine x3  
  96  14:10  Cyclone  
  96  14:12  SCV x3  
  96  14:13  Orbital Command  
  96  14:14  Orbital Command  
  80  14:27  Viking  
  80  14:29  Starport  
  80  14:30  Starport  
  78  14:37  Terran Vehicle And Ship Armor Level 3, Viking  
  80  14:39  Terran Infantry Weapons Level 3  
  80  14:40  Terran Vehicle Weapons Level 2  
  80  14:41  Terran Ship Weapons Level 2  
  80  14:42  Marine x3, Cyclone  
  80  14:43  Marine  
  80  14:45  Marine  
  88  14:52  Refinery  
  88  14:54  Refinery  
  88  15:06  SCV x4, Starport  
  92  15:07  SCV  
  92  15:08  Starport  
  92  15:09  Starport Reactor x2  
  93  15:14  Cyclone  
  93  15:16  Viking x2  
  93  15:18  SCV x4  
  93  15:20  Marine x5  
  109  15:28  SCV  
  110  15:31  SCV  
  111  15:45  Starport Reactor x2  
  111  15:46  Cyclone  
  114  15:50  Refinery, Viking x5  
  114  15:51  Viking  
  114  15:56  Refinery  
  126  15:57  SCV x2  
  126  15:58  SCV x3  
  126  15:59  Marine x5  
  136  16:21  Viking  
  136  16:22  Viking x5  
  136  16:23  Viking x3  
  136  16:24  Viking  
  156  16:51  SCV, Viking  
  156  16:52  Viking x5  
  156  16:53  Viking  
  157  17:03  SCV  
  158  17:12  Terran Vehicle Weapons Level 3  
  158  17:18  Terran Ship Weapons Level 3  
  158  17:51  Viking  
  158  17:52  Viking x3  
  163  18:28  Viking x6  
  174  18:55  Viking  
  174  18:56  Viking x3  
  97  19:28  Viking  
  97  19:29  Viking x6  
  91  19:47  Command Center  
  91  19:49  Refinery  
  91  19:50  Viking  
  91  19:51  Viking x2  
  97  20:08  Viking x2  
  97  20:10  Viking  
  97  20:14  Viking  
  105  20:15  Command Center  
  105  20:33  Viking x5  
  115  20:36  Viking  
  117  20:48  Viking x2  
  121  20:56  Refinery  
  121  21:03  Orbital Command  
  121  21:09  Viking x2  
  123  21:27  Viking x5  
  131  21:53  Viking x3  
  131  21:54  Viking x2  
  141  21:57  Viking  
  143  22:06  Viking x4  
  151  22:09  Marine x3  
  151  22:10  Marine x2  
  142  22:55  Viking x6  
  154  23:15  Command Center  
  154  23:27  Viking x4  
  154  23:28  Viking  
Show
View Real Time Build Order
Export as new Build Order

pondus Protoss 

Build Orders: Carriers 

Get SALT Encoding   

  1  0:00  Probe  
  12  0:05  Probe  
  14  0:18  Pylon  
  14  0:22  Probe  
  15  0:36  Probe  
  15  0:42  Gateway  
  16  0:47  Assimilator  
  16  0:48  Probe  
  17  0:57  Pylon  
  17  1:00  Probe  
  18  1:08  Probe  
  18  1:16  Probe  
  18  1:17  Assimilator  
  20  1:27  Probe  
  20  1:30  Cybernetics Core  
  21  1:39  Probe  
  22  1:51  Probe  
  23  2:02  Probe  
  23  2:08  Nexus  
  24  2:10  Probe  
  25  2:20  Probe, Stargate  
  26  2:32  Probe  
  27  2:44  Probe  
  28  2:56  Probe, Pylon  
  29  3:08  Probe  
  29  3:11  Pylon  
  30  3:17  Assimilator  
  34  3:20  Void Ray, Probe  
  34  3:23  Probe  
  36  3:30  Probe  
  36  3:32  Probe, Stargate  
  37  3:38  Probe  
  37  3:40  Probe  
  38  3:43  Assimilator  
  38  3:47  Probe  
  40  3:49  Probe  
  40  3:51  Protoss Air Weapons Level 1  
  40  3:55  Stargate  
  42  3:59  Probe  
  43  4:07  Probe  
  44  4:11  Phoenix  
  44  4:12  Probe  
  51  4:25  Void Ray  
  51  4:44  Fleet Beacon  
  51  4:47  Cybernetics Core  
  51  4:50  Pylon  
  51  5:11  Probe  
  51  5:12  Probe  
  57  5:19  Void Ray  
  57  5:20  Void Ray  
  60  5:41  Protoss Air Armor Level 1  
  60  5:47  Carrier  
  60  5:48  Probe x2  
  68  6:00  Probe  
  69  6:13  Nexus  
  69  6:22  Pylon  
  69  6:25  Forge  
  69  6:31  Probe  
  70  6:33  Protoss Air Weapons Level 2  
  70  6:36  Pylon, Probe  
  57  6:40  Phoenix  
  74  6:43  Probe  
  74  6:45  Void Ray  
  78  6:47  Protoss Shields Level 1  
  78  6:49  Assimilator  
  78  6:53  Assimilator  
  78  6:54  Probe  
  78  6:55  Shield Battery  
  78  6:56  Twilight Council  
  79  7:06  Photon Cannon  
  79  7:07  Photon Cannon  
  79  7:10  Photon Cannon  
  79  7:12  Photon Cannon  
  79  7:15  Pylon x2  
  79  7:17  Pylon  
  79  7:19  Photon Cannon  
  79  7:23  Phoenix  
  79  7:24  Phoenix  
  83  7:42  Phoenix  
  83  7:43  Probe  
  88  7:45  Void Ray, Pylon  
  88  7:48  Protoss Air Armor Level 2  
  90  8:05  Carrier  
  90  8:11  Probe x3  
  99  8:18  Photon Cannon  
  99  8:23  Nexus, Probe x3  
  102  8:30  Pylon  
  102  8:32  Anion Pulse-Crystals, Probe  
  102  8:33  Probe  
  102  8:35  Probe  
  102  8:40  Probe  
  106  8:50  Photon Cannon  
  106  8:52  Shield Battery, Photon Cannon  
  106  8:56  Photon Cannon  
  106  8:57  Photon Cannon  
  106  9:14  Protoss Shields Level 2  
  106  9:21  Protoss Air Weapons Level 3  
  106  9:24  Assimilator  
  106  9:25  Tempest  
  106  9:27  Assimilator  
  110  9:36  Flux Vanes  
  109  9:58  Carrier x2  
  120  10:12  Nexus  
  120  10:18  Tempest  
  124  10:31  Nexus  
  124  10:32  Protoss Air Armor Level 3  
  124  10:46  Probe  
  125  10:53  Pylon  
  125  11:01  Pylon  
  129  11:06  Photon Cannon  
  129  11:07  Void Ray, Photon Cannon  
  129  11:11  Stargate  
  129  11:12  Stargate  
  129  11:15  Stargate  
  129  11:22  Photon Cannon  
  129  11:24  Probe, Photon Cannon  
  129  11:25  Probe  
  131  11:33  Phoenix  
  131  11:37  Probe  
  131  11:38  Probe x2  
  136  11:44  Probe  
  137  11:50  Probe x3  
  148  12:10  Void Ray  
  148  12:11  Void Ray  
  147  12:19  Shield Battery  
  147  12:21  Shield Battery  
  147  12:22  Probe x4  
  151  12:23  Photon Cannon  
  151  12:27  Assimilator  
  151  12:32  Assimilator  
  151  12:34  Probe  
  151  12:36  Pylon x2  
  152  12:40  Protoss Shields Level 3  
  152  12:45  Pylon  
  140  13:33  Void Ray x6  
  118  14:16  Void Ray  
  140  14:42  Void Ray x5, Photon Cannon  
  140  14:45  Nexus  
  140  14:50  Probe  
  141  14:53  Photon Cannon  
  141  14:54  Robotics Facility  
  141  14:59  Void Ray  
  121  15:30  Pylon  
  121  15:33  Photon Cannon  
  121  15:34  Photon Cannon  
  141  15:38  Pylon  
  141  15:39  Void Ray x4  
  141  15:40  Void Ray  
  141  15:41  Shield Battery  
  141  15:42  Void Ray  
  145  15:45  Pylon  
  145  15:47  Photon Cannon  
  145  15:48  Photon Cannon  
  145  15:50  Shield Battery  
  145  15:52  Shield Battery  
  145  15:54  Shield Battery  
  145  15:58  Photon Cannon  
  145  15:59  Shield Battery  
  145  16:02  Photon Cannon  
  145  16:03  Photon Cannon  
  121  16:25  Observer  
  146  16:43  Void Ray x6  
  170  17:26  Void Ray x6  
  158  17:39  Observer  
  155  18:02  Tempest  
  127  18:35  Probe x4, Photon Cannon  
  127  18:36  Photon Cannon  
  127  18:37  Carrier x3, Photon Cannon  
  127  18:39  Assimilator  
  148  18:43  Assimilator  
  148  18:47  Probe x2  
  147  18:51  Phoenix  
  147  18:52  Phoenix x2  
  99  19:38  Probe x4  
  111  19:42  Void Ray x2  
  111  19:50  Probe  
  112  20:04  Phoenix x3  
  118  20:07  Observer  
  127  20:57  Void Ray x2  
  123  21:25  Photon Cannon  
  123  21:26  Photon Cannon  
  123  21:29  Photon Cannon  
  123  21:30  Photon Cannon  
  123  21:33  Pylon  
  123  21:39  Nexus  
  123  22:04  Unknown  
  63  22:44  Phoenix  
  63  22:45  Phoenix x5  
  65  22:59  Photon Cannon  
  65  23:00  Photon Cannon  
  65  23:09  Phoenix  
  65  23:10  Phoenix  
  69  23:15  Nexus  
  69  23:19  Void Ray x4  
  85  23:40  Void Ray  
Show
View Real Time Build Order
Export as new Build Order

TOM Terran 

Build Orders:  

Get SALT Encoding   

  12  0:01  SCV  
  13  0:14  SCV  
  14  0:26  SCV  
  15  0:30  Supply Depot  
  15  0:37  Refinery  
  15  0:51  SCV  
  16  0:57  Barracks  
  16  1:06  SCV  
  17  1:13  Supply Depot  
  17  1:18  SCV  
  18  1:22  Refinery  
  18  1:30  SCV  
  19  1:42  SCV  
  20  1:50  Barracks Tech Lab  
  20  1:51  Factory  
  20  1:57  SCV  
  20  1:58  Supply Depot  
  21  2:09  SCV  
  21  2:11  Marauder  
  24  2:24  SCV  
  25  2:46  SCV  
  26  2:56  Factory Tech Lab  
  26  3:00  Marauder  
  28  3:11  Command Center  
  28  3:15  Orbital Command  
  28  3:16  Refinery  
  28  3:29  Siege Tank  
  31  3:38  Supply Depot  
  31  3:44  SCV  
  32  3:56  SCV  
  32  3:58  Starport  
  33  4:08  SCV, Starport  
  34  4:20  SCV  
  34  4:23  SCV, Refinery  
  36  4:32  SCV  
  36  4:35  SCV  
  38  4:40  Viking  
  38  4:44  SCV  
  41  4:47  SCV  
  41  4:48  Viking  
  44  4:58  SCV  
  44  4:59  SCV, Starport  
  46  5:10  SCV  
  46  5:11  SCV  
  48  5:22  SCV  
  48  5:23  SCV  
  48  5:25  Viking  
  52  5:34  SCV  
  53  5:36  SCV  
  53  5:41  Medivac  
  56  5:43  Marauder  
  56  5:46  SCV  
  56  5:49  Orbital Command  
  59  5:58  Fusion Core, SCV  
  59  6:02  Starport Tech Lab x2  
  60  6:10  SCV, Starport  
  61  6:12  Starport  
  61  6:16  Starport  
  61  6:23  SCV  
  62  6:26  Viking  
  62  6:31  SCV  
  65  6:33  Supply Depot  
  65  6:34  Supply Depot  
  65  6:35  Supply Depot, SCV  
  66  6:43  SCV  
  66  6:44  Engineering Bay  
  68  6:47  SCV  
  68  6:50  Viking  
  70  6:55  Viking  
  70  6:56  SCV, Viking  
  70  6:58  Viking  
  70  6:59  Medivac  
  79  7:01  Raven  
  81  7:20  Viking  
  83  7:25  Viking  
  83  7:26  Viking  
  83  7:27  Viking  
  83  7:29  Viking  
  91  7:41  Marauder  
  91  7:42  Command Center  
  93  7:50  SCV  
  94  7:57  Starport Tech Lab  
  94  8:07  Starport Tech Lab  
  94  8:12  Refinery  
  94  8:15  Refinery  
  94  8:20  Armory x2  
  94  8:22  Armory  
  94  8:44  Starport Tech Lab  
  94  8:46  Supply Depot  
  94  8:50  Supply Depot, Hi-Sec Auto Tracking  
  94  8:53  SCV x2, Battlecruiser, Viking x2  
  94  8:55  Planetary Fortress  
  106  9:01  Missile Turret  
  106  9:05  SCV x2  
  106  9:08  Raven  
  110  9:15  Viking x2  
  114  9:18  SCV x2  
  116  9:25  Supply Depot  
  116  9:26  Supply Depot x2, Terran Vehicle And Ship Armor Level 1  
  116  9:29  Terran Ship Weapons Level 1  
  116  9:30  SCV x2  
  118  9:33  Starport Tech Lab  
  118  9:42  SCV  
  119  9:56  Marauder  
  119  9:58  Battlecruiser  
  127  10:15  Battlecruiser  
  127  10:17  Marauder  
  135  10:29  Viking x2  
  135  10:30  Viking  
  141  11:06  Supply Depot x2  
  141  11:07  Supply Depot  
  141  11:09  Terran Vehicle Weapons Level 1  
  141  11:10  Supply Depot x3  
  141  11:11  Battlecruiser  
  147  11:12  Command Center  
  147  11:14  Missile Turret  
  147  11:15  Missile Turret  
  147  11:16  Missile Turret  
  147  11:26  Marauder  
  147  11:31  SCV  
  147  11:32  SCV  
  151  11:34  Terran Ship Weapons Level 2, Terran Vehicle And Ship Armor Level 2  
  151  11:36  Missile Turret  
  151  11:38  Missile Turret x2  
  151  11:43  SCV  
  151  11:44  SCV  
  151  11:45  Supply Depot  
  151  11:46  SCV  
  154  11:52  Battlecruiser  
  160  11:54  Battlecruiser  
  160  11:56  Missile Turret  
  160  11:58  Banshee  
  160  12:00  Missile Turret  
  169  12:01  Missile Turret  
  169  12:21  Battlecruiser  
  169  12:22  Battlecruiser, Missile Turret  
  141  12:55  Battlecruiser  
  112  13:01  Planetary Fortress  
  99  13:09  Missile Turret  
  98  13:14  Missile Turret  
  98  13:15  Missile Turret  
  98  13:16  Missile Turret x2  
  98  13:17  Missile Turret x3  
  98  13:19  Missile Turret  
  92  13:22  Missile Turret  
  92  13:29  SCV, Missile Turret  
  92  13:30  SCV  
  92  13:33  Refinery  
  94  13:36  Refinery  
  94  13:38  Missile Turret  
  94  13:39  Missile Turret  
  94  13:40  Missile Turret  
  94  13:41  Missile Turret x3  
  94  13:44  Missile Turret x2  
  94  13:47  Marauder  
  96  14:00  Viking x3  
  96  14:14  Viking x3  
  94  14:30  Viking x3  
  100  14:44  Viking x3  
  88  15:00  Viking x3  
  94  15:15  Viking  
  94  15:16  Viking x2  
  94  15:18  Terran Ship Weapons Level 3  
  100  15:25  Command Center  
  100  15:30  Viking x3  
  106  15:42  Terran Vehicle And Ship Armor Level 3  
  106  15:45  Viking  
  106  15:46  Viking  
  110  15:57  SCV x2  
  110  16:00  Missile Turret  
  110  16:03  SCV  
  113  16:08  Missile Turret  
  113  16:13  Missile Turret x2  
  113  16:14  Missile Turret  
  113  16:33  Viking x2  
  113  16:34  Viking x3  
  113  16:36  SCV  
  113  16:39  Planetary Fortress  
  124  16:49  SCV, Missile Turret  
  124  16:50  Missile Turret  
  124  16:51  SCV x2  
  127  17:00  Viking  
  129  17:01  SCV  
  129  17:03  SCV, Viking  
  133  17:17  SCV  
  134  17:34  Battlecruiser x2  
  146  17:44  Command Center  
  146  17:49  Refinery  
  138  17:56  Marauder  
  140  17:59  Medivac x2  
  140  18:17  Marauder  
  140  18:25  SCV  
  129  18:29  Missile Turret  
  120  18:38  Marauder  
  120  18:40  Banshee  
  120  18:41  Banshee x4  
  123  18:42  Banshee  
  118  19:00  Marauder  
  115  19:21  Marauder  
  115  19:23  Banshee x2  
  115  19:24  Banshee x2, Viking x2  
  103  19:38  Siege Tank  
  103  19:54  Viking  
  105  20:16  SCV  
  105  20:21  Command Center  
  106  20:37  Orbital Command  
  106  21:00  Marauder  
  108  21:12  Missile Turret  
  90  21:34  Refinery  
  90  21:38  Refinery  
  35  21:58  SCV x2  
  14  22:50  SCV x2  
  13  23:02  SCV x2  
  15  23:14  SCV x2  
  17  23:26  SCV x2  
  19  23:38  SCV x2  
  19  23:40  Barracks  
  21  23:41  Marine  
  21  23:42  Barracks  
  21  23:43  Medivac x2  
  21  23:44  Medivac  
  21  23:45  Barracks  
  21  23:46  Barracks  
  28  23:50  SCV, Hellion  
  31  24:03  SCV  
  32  24:12  Marine  
Tags
 
Add a new tag
Caveats
  • Supply blocks, unpowered buildings, or Contaminate may cause inaccurate times.
  • Supply counts are checked every 10 seconds.